[Event "Titled Tuesday Blitz March 28 Late 2023"]
[White "Estremera Panos, Sergio"]
[Black "Quinones Garcia, Santiago"]
[WhiteFideId "2200864"]
[BlackFideId "4408497"]
[WhiteElo "2253"]
[BlackElo "2263"]
[Result "1-0"]
[Round "06"]
[TimeControl "180+2"]
[Date "2023.03.28"]
[WhiteClock "0:00:19"]
[BlackClock "0:00:19"]

1. d4 Nf6 2. c4 g6 3. Nc3 d5 4. cxd5 Nxd5 5. e4 Nxc3 6. bxc3 Bg7 7. Nf3 c5 8. Bb5+ Nc6 9. d5 Qa5 10. Rb1 a6 11. Bxc6+ bxc6 12. dxc6 O-O 13. O-O Qxa2 14. Bf4 Qe6 15. Qa4 Bxc3 16. c7 Bb4 17. Ne5 f6 18. Nd3 Bd7 19. Qb3 Qxb3 20. Rxb3 a5 21. Rc1 a4 22. Rbb1 a3 23. Nxc5 Bc6 24. Rxb4 e5 25. Be3 Rfc8 26. Ra1 Rxc7 27. Nd3 Rd7 28. Nc5 Rda7 29. h4 Ra5 30. Rb3 Kf7 31. Kh2 R8a7 32. Rb6 Be8 33. Rb7+ Rxb7 34. Nxb7 Ra6 35. Nc5 Ra5 36. Nd3 Bb5 37. Nb4 Bc4 38. Nd5 f5 39. Nb6 Be6 40. exf5 gxf5 41. g3 Ra6 42. Rc1 a2 43. Ra1 f4 44. gxf4 exf4 45. Bd4 Ra5 46. Bb2 Rb5 47. Bd4 Rb4 48. Bc5 Rb1 49. Bd4 Rb4 50. Bc5 Rb2 51. Na4 Rc2 52. Bd4 Rc4 53. Rxa2 Rxd4 54. Ra3 Rd2 55. Rf3 Rd4 56. Nc3 Kg6 57. Ne2 Kf5 58. Nxd4+ Ke4 59. Nxe6 Kxf3 60. Ng5+ Kxf2 61. Nxh7 Kf3 62. Kh3 Ke4 63. Ng5+ Kf5 64. Nf3 Kg6 65. Kg4 Kh7 66. Kxf4 Kh6 67. Kg4 Kg6 68. h5+ Kh6 69. Kh4 Kh7 70. Kg5 Kg7 71. h6+ Kh7 72. Kh5 Kh8 73. Kg6 Kg8 74. Ng5 Kh8 75. Nf7+ Kg8 76. h7+ Kf8 77. h8=Q+ 1-0


[Site "https://www.chess.com"]

[Event "Titled Tuesday Blitz March 28 Late 2023"]
[White "Estrada Nieto, Julian"]
[Black "FuenfgegenWilly"]
[WhiteFideId "5101018"]
[WhiteElo "2176"]
[BlackElo "2233"]
[Result "1-0"]
[Round "06"]
[TimeControl "180+2"]
[Date "2023.03.28"]
[WhiteClock "0:02:00"]
[BlackClock "0:02:25"]

1. e4 e5 2. Nf3 Nc6 3. Bb5 a6 4. Ba4 Nf6 5. O-O Be7 6. d3 b5 7. Bb3 O-O 8. a4 Bb7 9. Nc3 d6 10. axb5 axb5 11. Rxa8 Bxa8 12. Nxb5 Na5 13. Ba2 Kh8 14. Ng5 d5 15. exd5 Nxd5 16. Qh5 Bxg5 17. Bxg5 f6 18. Bd2 Nc6 19. Bxd5 Qxd5 20. Nxc7 Qc5 21. Ne6 Qd5 22. Nxf8 Nd4 23. Qxh7# 1-0


[Site "https://www.chess.com"]

[Event "Titled Tuesday Blitz March 28 Late 2023"]
[White "Kubatko, Ivan"]
[Black "Palacio,Igor Da Paz"]
[WhiteFideId "24111473"]
[BlackFideId "2121140"]
[WhiteElo "2285"]
[BlackElo "2126"]
[Result "1/2-1/2"]
[Round "06"]
[TimeControl "180+2"]
[Date "2023.03.28"]
[WhiteClock "0:00:05"]
[BlackClock "0:00:08"]

1. e4 d6 2. d4 Nf6 3. Nc3 g6 4. f4 Bg7 5. e5 dxe5 6. dxe5 Qxd1+ 7. Kxd1 Ng4 8. Ke1 h5 9. Nf3 c6 10. h3 Nh6 11. Be3 Bf5 12. Nd4 Nd7 13. Nxf5 Nxf5 14. Bf2 Nb6 15. g3 O-O-O 16. Bd3 Kc7 17. Ne4 Nd5 18. Ng5 Rhf8 19. Bxf5 gxf5 20. c3 Bh6 21. Nf3 e6 22. Ke2 Rg8 23. Rhd1 Ne7 24. c4 b6 25. a4 Ng6 26. Rxd8 Rxd8 27. h4 a5 28. Rb1 c5 29. Ne1 Ne7 30. Nf3 Nc6 31. b3 Nb4 32. Rd1 Nc2 33. Rxd8 Kxd8 34. Kd3 Nb4+ 35. Kc3 Kc7 36. Be1 Nc6 37. Bf2 Ne7 38. Nd2 Ng6 39. Nf1 Ne7 40. Kd3 Nc6 41. Be3 Bf8 42. Nd2 Be7 43. Nf3 Nb4+ 44. Kc3 Na2+ 45. Kd2 Nb4 46. Ne1 Nc6 47. Ke2 Nd8 48. Bd2 Nc6 49. Bc3 Kd7 50. Kd3 Ke8 51. Nc2 Kd7 52. Ne3 Kc7 53. Bd2 Nb8 54. Bc3 Nd7 55. Nd1 Nf8 56. Bd2 Ng6 57. Nc3 Kc6 58. Be3 Nf8 59. Ke2 Nd7 60. Nb5 Nb8 61. Bd2 Na6 62. Bc3 Kb7 63. Kd3 Nb8 64. Be1 Nc6 65. Bf2 Nd8 66. Nc3 Nc6 67. Nd1 Nb4+ 68. Kc3 Na2+ 69. Kd2 Nb4 70. Be3 Nc6 71. Nf2 Kc7 72. Kd3 Kd7 73. Kd2 Nb4 74. Kc3 Na6 75. Kd2 Nb8 76. Kc3 Nc6 77. Kd2 Bd8 78. Kc3 Be7 79. Kd2 1/2-1/2


[Site "https://www.chess.com"]

[Event "Titled Tuesday Blitz March 28 Late 2023"]
[White "Romero Pallares, Daniel"]
[Black "Dahlgren, James Allen"]
[WhiteFideId "32025637"]
[BlackFideId "22256873"]
[WhiteElo "2195"]
[BlackElo "2205"]
[Result "1-0"]
[Round "06"]
[TimeControl "180+2"]
[Date "2023.03.28"]
[WhiteClock "0:00:42"]
[BlackClock "0:00:01"]

1. Nf3 d5 2. b3 c5 3. e3 Nc6 4. Bb5 f6 5. Bxc6+ bxc6 6. d4 e6 7. O-O Nh6 8. Bb2 cxd4 9. exd4 a5 10. c4 Ba6 11. Qc2 Bd6 12. Re1 Kf7 13. Nc3 Rb8 14. Na4 Nf5 15. Rad1 Re8 16. g4 Nh6 17. g5 Nf5 18. Bc1 h6 19. gxh6 gxh6 20. Kh1 Rg8 21. Rg1 Qd7 22. cxd5 exd5 23. Nh4 Bc8 24. Rxg8 Kxg8 25. Rg1+ Kh8 26. Ng6+ Kh7 27. Nc5 Bxc5 28. Qxc5 Ba6 29. Nf8+ Rxf8 30. Qxf8 1-0


[Site "https://www.chess.com"]

[Event "Titled Tuesday Blitz March 28 Late 2023"]
[White "Vivas Zamora, Fabian Ernesto"]
[Black "Khatena, Moshe"]
[WhiteFideId "3902480"]
[BlackFideId "2010461"]
[WhiteElo "2262"]
[BlackElo "2165"]
[Result "1-0"]
[Round "06"]
[TimeControl "180+2"]
[Date "2023.03.28"]
[WhiteClock "0:00:42"]
[BlackClock "0:00:46"]

1. e4 Nf6 2. e5 Nd5 3. d4 d6 4. c4 Nb6 5. f4 g5 6. fxg5 dxe5 7. Nf3 exd4 8. c5 N6d7 9. Qxd4 e5 10. Qc4 Nc6 11. Be3 Bg7 12. Nc3 O-O 13. O-O-O Nd4 14. Ne4 Qe7 15. Bd3 Ne6 16. Rhf1 Kh8 17. Nh4 Nf4 18. Nf5 Qe6 19. Nxg7 Nxd3+ 20. Qxd3 Kxg7 21. Nf6 Rh8 22. Nxd7 Qxd7 23. Qxd7 Bxd7 24. Rxd7 1-0


[Site "https://www.chess.com"]

[Event "Titled Tuesday Blitz March 28 Late 2023"]
[White "Kozin, Yuri"]
[Black "Adel, Sara"]
[WhiteFideId "4129920"]
[BlackFideId "10616764"]
[WhiteElo "2424"]
[BlackElo "1982"]
[Result "1-0"]
[Round "06"]
[TimeControl "180+2"]
[Date "2023.03.28"]
[WhiteClock "0:00:10"]
[BlackClock "0:00:20"]

1. e4 c6 2. d4 d5 3. exd5 cxd5 4. c4 Nc6 5. cxd5 Qxd5 6. Nf3 Bg4 7. Nc3 Qh5 8. d5 Bxf3 9. gxf3 Ne5 10. Bb5+ Kd8 11. Be2 Qh3 12. Bf4 Qg2 13. Rf1 Ng6 14. Bg3 f5 15. Qa4 Nf6 16. O-O-O f4 17. Bxf4 Nxf4 18. Qxf4 g5 19. Qe5 g4 20. d6 Ke8 21. Bb5+ Kf7 22. Bc4+ Kg6 23. dxe7 Bh6+ 24. Kb1 Qxf3 25. Bd3+ Kf7 26. Ne4 Qf4 27. Nd6+ Kg7 28. Nf5+ Kf7 29. Nxh6+ Qxh6 30. Bc4+ Kg6 31. Rd6 Rhe8 32. Rxf6+ Kg7 33. Rxh6+ Kxh6 34. Qf6+ Kh5 35. Bf7# 1-0


[Site "https://www.chess.com"]

[Event "Titled Tuesday Blitz March 28 Late 2023"]
[White "Torrente, Alejandro Josue"]
[Black "Kornyukov, Alexey"]
[WhiteFideId "4437969"]
[BlackFideId "4150457"]
[WhiteElo "2025"]
[BlackElo "2352"]
[Result "1-0"]
[Round "06"]
[TimeControl "180+2"]
[Date "2023.03.28"]
[WhiteClock "0:01:35"]
[BlackClock "0:00:03"]

1. e4 c5 2. Nf3 Nc6 3. Bb5 e6 4. O-O Nge7 5. Re1 a6 6. Bf1 b5 7. d3 Bb7 8. a4 Ng6 9. c3 Be7 10. d4 cxd4 11. cxd4 b4 12. d5 Nce5 13. Nxe5 Nxe5 14. d6 Bf8 15. f4 Ng6 16. a5 Rc8 17. Be3 Bxe4 18. Bb6 Qf6 19. Rxe4 Qxb2 20. Nd2 f5 21. Rc4 Ra8 22. Rb1 Qa3 23. Rb3 Qa4 24. Rcxb4 Qc6 25. Rc4 Qd5 26. Rd3 Qb5 27. Qb3 Qxb3 28. Nxb3 Kf7 29. g3 e5 30. Bg2 e4 31. Rd5 Ke6 32. Rcc5 h5 33. Nd4+ Kf7 34. Rxf5+ Kg8 35. Bxe4 Re8 36. Bd5+ Kh7 37. Rxh5# 1-0


[Site "https://www.chess.com"]

[Event "Titled Tuesday Blitz March 28 Late 2023"]
[White "Przybylski, Wojciech"]
[Black "KSho99"]
[WhiteFideId "1117599"]
[WhiteElo "2222"]
[BlackElo "2151"]
[Result "1-0"]
[Round "06"]
[TimeControl "180+2"]
[Date "2023.03.28"]
[WhiteClock "0:01:09"]
[BlackClock "0:00:07"]

1. e4 e6 2. d4 d5 3. Nc3 Be7 4. Qg4 Nf6 5. Qxg7 Rg8 6. Qh6 dxe4 7. Nge2 Nc6 8. Bf4 Rg6 9. Qh4 b6 10. O-O-O Ng4 11. Qg3 Bh4 12. Bxc7 Bxg3 13. Bxd8 Nxf2 14. hxg3 Nxd8 15. Nf4 Nxh1 16. Bb5+ Bd7 17. Rxh1 Rxg3 18. Nxe4 Bxb5 19. Nxg3 Nc6 20. Rxh7 Ke7 21. c3 Rg8 22. Ngh5 Bf1 23. g3 Rg4 24. Kd2 Na5 25. b3 Nb7 26. Ke1 Ba6 27. Rh8 Nd6 28. Ra8 1-0


[Site "https://www.chess.com"]

[Event "Titled Tuesday Blitz March 28 Late 2023"]
[White "Hartikainen, Jarmo"]
[Black "Nikolova, Adriana"]
[WhiteFideId "503134"]
[BlackFideId "2908689"]
[WhiteElo "2146"]
[BlackElo "2213"]
[Result "0-1"]
[Round "06"]
[TimeControl "180+2"]
[Date "2023.03.28"]
[WhiteClock "0:00:01"]
[BlackClock "0:00:03"]

1. e4 c6 2. d4 d5 3. Nc3 dxe4 4. Nxe4 Nf6 5. Nxf6+ exf6 6. Bf4 Bd6 7. Qf3 Qe7+ 8. Be3 h5 9. h3 Nd7 10. Bd3 Nb6 11. c4 Bb4+ 12. Kf1 Nd7 13. Ne2 Nf8 14. a3 Bd6 15. Re1 Bg4 16. Qe4 Qxe4 17. Bxe4 Be6 18. d5 cxd5 19. cxd5 Bd7 20. Nc3 b6 21. Bd3 O-O-O 22. Rc1 Kb8 23. Nb5 Be5 24. Nd4 Ng6 25. g3 h4 26. Kg2 hxg3 27. fxg3 Rhe8 28. Rhe1 Rh8 29. h4 Rhe8 30. Ba6 Ne7 31. Nc6+ Bxc6 32. dxc6 Kc7 33. Bb7 Nd5 34. Rc2 Nxe3+ 35. Rxe3 Bd6 36. Rxe8 Rxe8 37. Kf2 Bc5+ 38. Kf3 Re3+ 39. Kg2 Re6 40. Rd2 Bd6 41. Kf3 Re5 42. Rd3 Rf5+ 43. Kg2 Rc5 44. b4 Rc2+ 45. Kh3 Rc1 46. Kg4 Rg1 47. h5 f5+ 48. Kh3 f4 49. gxf4 Rh1+ 50. Kg2 Rxh5 51. Rd4 Rf5 52. Kf3 g5 53. Ke3 Rxf4 54. Rxf4 Bxf4+ 55. Ke4 Bd6 56. Kf5 Bf4 57. a4 Bd2 58. Ba6 Bxb4 59. Bc4 Kxc6 0-1


[Site "https://www.chess.com"]

[Event "Titled Tuesday Blitz March 28 Late 2023"]
[White "sissahungrychess"]
[Black "Vargas Rodriguez, Wilver"]
[BlackFideId "3509672"]
[WhiteElo "2383"]
[BlackElo "2238"]
[Result "1-0"]
[Round "06"]
[TimeControl "180+2"]
[Date "2023.03.28"]
[WhiteClock "0:02:06"]
[BlackClock "0:00:32"]

1. c4 Nf6 2. g3 c6 3. Bg2 d5 4. Nf3 Bf5 5. b3 h6 6. O-O e6 7. d3 Be7 8. Nbd2 O-O 9. Bb2 Nbd7 10. Re1 Bh7 11. e4 Nc5 12. Qe2 dxe4 13. Nxe4 Nxd3 14. Nxf6+ Bxf6 15. Bxf6 Qxf6 16. Red1 Rad8 17. Nd2 Nb2 18. Re1 Nd3 19. Red1 Nb2 20. Re1 Nd3 21. Rf1 Qb2 22. Rfb1 Qd4 23. Nf3 Qc3 24. Rd1 Nxf2 25. Qxf2 Rxd1+ 26. Rxd1 e5 27. Qd2 Qa5 28. Qxa5 1-0


[Site "https://www.chess.com"]

[Event "Titled Tuesday Blitz March 28 Late 2023"]
[White "ArturoCaceres"]
[Black "Toma, Katarzyna"]
[BlackFideId "1119907"]
[WhiteElo "2380"]
[BlackElo "2149"]
[Result "1-0"]
[Round "06"]
[TimeControl "180+2"]
[Date "2023.03.28"]
[WhiteClock "0:00:32"]
[BlackClock "0:00:01"]

1. d4 d5 2. Nc3 Nf6 3. Bf4 c5 4. e4 cxd4 5. Qxd4 Nc6 6. Bb5 dxe4 7. Qa4 Bd7 8. O-O-O e6 9. f3 Bc5 10. fxe4 Qc8 11. Nf3 O-O 12. g4 a6 13. Qc4 Be7 14. Bxc6 Bxc6 15. Ne5 Be8 16. Qe2 b5 17. g5 Nd7 18. Nxd7 Bxd7 19. Bd6 Bxd6 20. Rxd6 b4 21. Rhd1 bxc3 22. Rxd7 cxb2+ 23. Kb1 Rb8 24. g6 1-0


[Site "https://www.chess.com"]

[Event "Titled Tuesday Blitz March 28 Late 2023"]
[White "Matute Escobar, Roxanny"]
[Black "Ozalp, Burak"]
[WhiteFideId "3926028"]
[BlackFideId "6314210"]
[WhiteElo "1732"]
[BlackElo "2106"]
[Result "1-0"]
[Round "06"]
[TimeControl "180+2"]
[Date "2023.03.28"]
[WhiteClock "0:00:15"]
[BlackClock "0:00:06"]

1. e4 e5 2. Nf3 Nc6 3. Bc4 Nf6 4. d3 h6 5. c3 Be7 6. Nbd2 O-O 7. b4 d5 8. exd5 Nxd5 9. O-O Nxc3 10. Qb3 Ne2+ 11. Kh1 Ncd4 12. Qd1 Nxc1 13. Rxc1 Nxf3 14. Qxf3 Bxb4 15. Ne4 c6 16. Qg3 Bd6 17. Rb1 Bc7 18. a4 Kh7 19. Qf3 f5 20. Nc5 Rb8 21. Qh5 g6 22. Qf3 e4 23. dxe4 Qd6 24. Qg3 Qxg3 25. hxg3 fxe4 26. Nxe4 Bf5 27. Rbe1 Kg7 28. Nc5 b6 29. Re7+ Kf6 30. Rxc7 bxc5 31. Rxa7 Rb4 32. Rc1 Rd8 33. f4 Rd2 34. Rf7# 1-0


[Site "https://www.chess.com"]

[Event "Titled Tuesday Blitz March 28 Late 2023"]
[White "Necula, Iulian"]
[Black "Shkuran, Danylo"]
[WhiteFideId "1232380"]
[BlackFideId "14106248"]
[WhiteElo "1790"]
[BlackElo "2427"]
[Result "0-1"]
[Round "06"]
[TimeControl "180+2"]
[Date "2023.03.28"]
[WhiteClock "0:00:01"]
[BlackClock "0:00:20"]

1. d4 g6 2. Nc3 Bg7 3. e4 c5 4. Nf3 cxd4 5. Nxd4 Nc6 6. Be3 d6 7. Be2 Nf6 8. O-O O-O 9. Nb3 Be6 10. Qd2 Re8 11. Rad1 Rc8 12. h3 Qc7 13. f4 Red8 14. f5 Bxb3 15. axb3 Ne5 16. g4 a6 17. g5 Ne8 18. Nd5 Qd7 19. f6 exf6 20. gxf6 Bf8 21. Kh2 Nc7 22. Nb6 Qc6 23. Nxc8 Rxc8 24. Bh6 Ne6 25. Bxf8 Kxf8 26. Qh6+ Kg8 27. h4 Qxc2 28. Rf2 Qxe2 29. Rxe2 Ng4+ 30. Kg3 Nxh6 31. Rxd6 Kf8 32. Red2 Ng8 33. Rb6 Nxf6 34. Re2 Rc7 35. e5 Nh5+ 36. Kg4 Nhf4 37. Rd2 h5+ 38. Kg3 Kg7 39. Rbd6 Rc5 40. Rd7 Rb5 41. Re7 Rxe5 42. Rdd7 Rf5 43. Rxb7 Nd5 44. Rxe6 Kh6 45. Rxa6 Ne3 46. Raa7 Nf1+ 47. Kg2 Ne3+ 48. Kg3 g5 49. hxg5+ Kxg5 50. Rxf7 h4+ 51. Kh2 Rd5 52. Rg7+ Kf4 0-1


[Site "https://www.chess.com"]

[Event "Titled Tuesday Blitz March 28 Late 2023"]
[White "Jimenez, Joaquin"]
[Black "Maranhao,Jose Renato Ruiz"]
[WhiteFideId "109860"]
[BlackFideId "2135175"]
[WhiteElo "2163"]
[BlackElo "1970"]
[Result "1-0"]
[Round "06"]
[TimeControl "180+2"]
[Date "2023.03.28"]
[WhiteClock "0:00:36"]
[BlackClock "0:00:01"]

1. c4 e5 2. Nc3 Nc6 3. g3 Nf6 4. Bg2 Bb4 5. Nf3 e4 6. Ng5 Bxc3 7. dxc3 Qe7 8. Qc2 d6 9. Nxe4 Bf5 10. Nxf6+ Qxf6 11. e4 Bg6 12. O-O O-O 13. h4 Rfe8 14. Bg5 Qe6 15. Qb3 Na5 16. Qb4 Nxc4 17. Qxb7 h6 18. Bf4 Bxe4 19. Bxe4 Qxe4 20. Qxc7 Rac8 21. Qxa7 Nxb2 22. Bxd6 Rxc3 23. Rae1 Qc6 24. Be5 Rc2 25. Bxb2 Rxb2 26. Rxe8+ Qxe8 27. a4 Ra2 28. a5 Qa4 29. Re1 Qxa5 30. Re8+ Kh7 31. Qxf7 Ra1+ 32. Kh2 Qa7 33. Qf5+ g6 34. Qf6 1-0


[Site "https://www.chess.com"]

[Event "Titled Tuesday Blitz March 28 Late 2023"]
[White "dorpato"]
[Black "Lalanne, Pablo"]
[BlackFideId "112151"]
[WhiteElo "2046"]
[BlackElo "2120"]
[Result "0-1"]
[Round "06"]
[TimeControl "180+2"]
[Date "2023.03.28"]
[WhiteClock "0:00:10"]
[BlackClock "0:00:16"]

1. d4 Nf6 2. c4 e6 3. Nf3 b6 4. g3 Ba6 5. b3 d5 6. Bg2 Bb4+ 7. Kf1 O-O 8. Ne5 Bd6 9. Nd2 c5 10. Bb2 cxd4 11. Bxd4 Bb7 12. Rc1 Nbd7 13. Nxd7 Nxd7 14. cxd5 Bxd5 15. Bxd5 exd5 16. Nf3 Nc5 17. Bxc5 Bxc5 18. Kg2 Re8 19. e3 Qd7 20. Qd3 Rad8 21. Rhd1 h6 22. Nh4 g6 23. Rc2 Re4 24. Nf3 Qe6 25. Nd2 Re5 26. Nf3 Re4 27. Nd2 Rg4 28. Nf3 Qf6 29. Rcd2 Kg7 30. h3 Re4 31. Rc2 g5 32. Nd2 Re5 33. Nf3 Rf5 34. Ne1 h5 35. Qc3 d4 36. exd4 Rxd4 37. Rxd4 Bxd4 38. Qd3 Rxf2+ 39. Rxf2 Qxf2+ 40. Kh1 Qg1# 0-1


[Site "https://www.chess.com"]

[Event "Titled Tuesday Blitz March 28 Late 2023"]
[White "sebastianmarinp"]
[Black "Burke, Paul"]
[BlackFideId "2605767"]
[WhiteElo "2288"]
[BlackElo "1954"]
[Result "1-0"]
[Round "06"]
[TimeControl "180+2"]
[Date "2023.03.28"]
[WhiteClock "0:00:09"]
[BlackClock "0:00:30"]

1. e4 e5 2. f4 Bc5 3. Nf3 d6 4. Nc3 Nc6 5. Bb5 Bg4 6. d3 Nf6 7. Qe2 O-O 8. Bxc6 bxc6 9. fxe5 dxe5 10. Be3 Bxe3 11. Qxe3 Bxf3 12. Qxf3 Qd4 13. Qf2 Rab8 14. Qxd4 exd4 15. Na4 Ng4 16. Kd2 Ne3 17. Rhg1 f5 18. e5 f4 19. c3 c5 20. Rab1 Ng4 21. Nxc5 Nxe5 22. Rge1 dxc3+ 23. Kxc3 Rf5 24. d4 Ng4 25. Re7 Ne3 26. Kd3 Nxg2 27. Ke4 Ne3 28. Ne6 Rf7 29. Rxf7 Kxf7 30. Nxf4 Ng4 31. b3 Re8+ 32. Kd3 Re3+ 33. Kd2 Rf3 34. Nd5 Rf2+ 35. Kd3 c6 36. Nb4 Nxh2 37. Nxc6 Rxa2 38. Ne5+ Ke6 39. Rc1 Ra6 40. Rc7 Nf1 41. Rxg7 Ng3 42. Rxg3 Ra3 43. Kc4 Ra2 44. Rh3 1-0


[Site "https://www.chess.com"]

[Event "Titled Tuesday Blitz March 28 Late 2023"]
[White "Gamboa, Juan Pablo"]
[Black "Kiselev, Pavel"]
[WhiteFideId "105180"]
[BlackFideId "4191102"]
[WhiteElo "1868"]
[BlackElo "2145"]
[Result "0-1"]
[Round "06"]
[TimeControl "180+2"]
[Date "2023.03.28"]
[WhiteClock "0:01:29"]
[BlackClock "0:02:01"]

1. c4 e5 2. Nc3 Bb4 3. Nd5 Be7 4. g3 Nf6 5. Bg2 O-O 6. Nf3 c6 7. Nc3 e4 8. Nd4 d5 9. d3 dxc4 10. dxe4 Bc5 11. e3 Re8 12. O-O Nbd7 13. Nf5 Ne5 14. Qxd8 Rxd8 15. Na4 Bb4 16. a3 Ba5 17. b4 cxb3 18. Rb1 Be6 19. Nd4 Bc4 20. Rd1 b5 21. Nc5 Bb6 22. Ncxb3 c5 23. Nxc5 Bxc5 24. a4 bxa4 25. Rb7 a3 26. f4 Nd3 27. e5 Nd5 28. Bxd5 Rxd5 29. Bxa3 Bxa3 30. e4 Rxd4 31. Rxd3 Rxd3 0-1


[Site "https://www.chess.com"]

[Event "Titled Tuesday Blitz March 28 Late 2023"]
[White "Tsukerman, Julia"]
[Black "Figorito, Nick"]
[WhiteFideId "2621649"]
[BlackFideId "30923689"]
[WhiteElo "1667"]
[BlackElo "2316"]
[Result "0-1"]
[Round "06"]
[TimeControl "180+2"]
[Date "2023.03.28"]
[WhiteClock "0:00:01"]
[BlackClock "0:00:24"]

1. e4 e6 2. d4 d5 3. Nd2 Nf6 4. e5 Nfd7 5. f4 c5 6. c3 Nc6 7. Ndf3 Qb6 8. Ne2 Be7 9. g3 a5 10. Bg2 Qa7 11. Be3 b6 12. Qd2 Ba6 13. O-O g6 14. Kh1 h5 15. Rfe1 Bb7 16. Rac1 a4 17. a3 Na5 18. Rc2 Nc4 19. Qc1 Nb8 20. Neg1 Nc6 21. Qd1 N6a5 22. Nd2 Nxd2 23. Bxd2 Nc4 24. Bc1 cxd4 25. cxd4 b5 26. Nf3 Rc8 27. Ree2 Kd7 28. Nd2 Nxd2 29. Rexd2 Rxc2 30. Rxc2 Rc8 31. Bd2 Qxd4 32. Rxc8 Bxc8 33. Qc2 Qc4 34. Qxc4 dxc4 35. Be4 Bc5 36. Kg2 Kc7 37. Kf3 Bd4 38. Bc1 Bb7 39. Bxb7 Kxb7 40. h3 Kc6 41. Ke4 Bf2 42. g4 hxg4 43. hxg4 Kc5 44. Bd2 Kc6 45. f5 gxf5+ 46. gxf5 Bc5 47. Bc3 exf5+ 48. Kxf5 Be7 49. e6 fxe6+ 50. Kxe6 Bh4 51. Ke5 Bf2 52. Ke4 Kc5 53. Kf3 Bd4 54. Ke2 Kd5 55. Kd2 Ke4 0-1


[Site "https://www.chess.com"]

[Event "Titled Tuesday Blitz March 28 Late 2023"]
[White "De Souza, Cristiano Gomes"]
[Black "Maluco_do_Natal_00"]
[WhiteFideId "2151758"]
[WhiteElo "2068"]
[BlackElo "2031"]
[Result "1/2-1/2"]
[Round "06"]
[TimeControl "180+2"]
[Date "2023.03.28"]
[WhiteClock "0:00:11"]
[BlackClock "0:00:03"]

1. d4 d5 2. c4 c6 3. Nf3 Nf6 4. Nc3 dxc4 5. a4 Bf5 6. e3 e6 7. Bxc4 Bb4 8. O-O Nbd7 9. Bd2 Qe7 10. Ne2 O-O 11. Ng3 Bg6 12. Bxb4 Qxb4 13. Qb3 Qxb3 14. Bxb3 c5 15. Rfc1 Rfc8 16. Kf1 Bd3+ 17. Ke1 h6 18. Kd2 Bg6 19. Bc2 Bxc2 20. Rxc2 cxd4 21. Nxd4 Rxc2+ 22. Kxc2 Rc8+ 23. Kd2 Ne5 24. b3 a6 25. Ra2 Kf8 26. Rc2 Rxc2+ 27. Kxc2 Nd5 28. Ne4 Nd7 29. Nc3 Nb4+ 30. Kd2 Ke7 31. Ne4 f5 32. Ng3 Ne5 33. e4 f4 34. Nge2 g5 35. Nc3 Kd6 36. f3 Nec6 37. Nxc6 Nxc6 38. Ne2 Kc5 39. Kc3 e5 40. Nc1 Nb4 41. Nd3+ Nxd3 42. Kxd3 Kb4 43. Kc2 b6 44. Kb2 b5 45. axb5 axb5 46. g4 Kc5 47. Kc3 b4+ 48. Kd3 Kb5 49. h3 Kc5 50. Kc2 Kd4 51. Kd2 Kc5 52. Kd3 Kb5 53. Kc2 Kc5 54. Kd3 Kb5 55. Kc2 Kc5 56. Kd3 1/2-1/2


[Site "https://www.chess.com"]

[Event "Titled Tuesday Blitz March 28 Late 2023"]
[White "Escanor89"]
[Black "Stanisz, Patryk"]
[BlackFideId "1123106"]
[WhiteElo "2486"]
[BlackElo "2069"]
[Result "1-0"]
[Round "06"]
[TimeControl "180+2"]
[Date "2023.03.28"]
[WhiteClock "0:00:35"]
[BlackClock "0:00:06"]

1. e4 c5 2. Nf3 Nc6 3. Bb5 g6 4. Bxc6 dxc6 5. d3 Bg7 6. h3 Nf6 7. O-O Nd7 8. Nc3 e5 9. Be3 Qe7 10. Qd2 h6 11. a4 a5 12. Nh2 Nf8 13. f4 exf4 14. Bxf4 Ne6 15. Be3 Nd4 16. Rae1 Be6 17. b3 b6 18. Nd1 O-O 19. Nf2 Kh7 20. e5 h5 21. Bxd4 cxd4 22. Nf3 c5 23. Ne4 Kg8 24. Nfg5 Bxe5 25. Nxe6 Qxe6 26. Nf6+ Qxf6 27. Rxf6 Bxf6 28. Qf4 Kg7 29. Rf1 Bd8 30. Qe5+ Kg8 31. Qd6 Ra7 32. Re1 Bh4 33. Re4 Bd8 34. g4 Bc7 35. Qc6 hxg4 36. hxg4 Kg7 37. Kg2 Rh8 38. Re7 Rh2+ 39. Kg1 1-0


[Site "https://www.chess.com"]

[Event "Titled Tuesday Blitz March 28 Late 2023"]
[White "lluiss"]
[Black "Rian, Kapriaga"]
[BlackFideId "7103263"]
[WhiteElo "2177"]
[BlackElo "2357"]
[Result "0-1"]
[Round "06"]
[TimeControl "180+2"]
[Date "2023.03.28"]
[WhiteClock "0:00:01"]
[BlackClock "0:00:31"]

1. Nf3 d5 2. d4 Nf6 3. c4 e6 4. cxd5 exd5 5. Nc3 Be7 6. Qc2 g6 7. Bf4 c6 8. e3 Bf5 9. Bd3 Bxd3 10. Qxd3 O-O 11. Ne5 Nbd7 12. Nxd7 Qxd7 13. O-O Rfe8 14. Rab1 a5 15. Rfc1 Bd6 16. Bxd6 Qxd6 17. h3 Ne4 18. Nxe4 Rxe4 19. b3 h5 20. Rc5 Kh8 21. Qd2 Rg8 22. Rxa5 g5 23. Ra7 g4 24. h4 g3 25. f3 Rxh4 26. Rxb7 Qf6 27. e4 dxe4 28. fxe4 Rf4 29. d5 Qh4 30. Qxf4 Qxf4 31. Re7 cxd5 32. exd5 Qd4+ 33. Kf1 Qf2# 0-1


[Site "https://www.chess.com"]

[Event "Titled Tuesday Blitz March 28 Late 2023"]
[White "Barria Santos, Jose Guilherme"]
[Black "Bolanos, Fernando"]
[WhiteFideId "1939300"]
[BlackFideId "3304094"]
[WhiteElo "2301"]
[BlackElo "2166"]
[Result "0-1"]
[Round "06"]
[TimeControl "180+2"]
[Date "2023.03.28"]
[WhiteClock "0:00:02"]
[BlackClock "0:00:04"]

1. e4 c5 2. Nf3 d6 3. d4 cxd4 4. Nxd4 Nf6 5. Nc3 Nc6 6. Bg5 e6 7. Qd2 a6 8. O-O-O Bd7 9. f3 Be7 10. h4 b5 11. g4 Rc8 12. Bxb5 axb5 13. Ndxb5 O-O 14. Nxd6 Rb8 15. Nc4 Na5 16. Nxa5 Qxa5 17. e5 Qxe5 18. Rhe1 Qa5 19. Kb1 Rfc8 20. Ne4 Qb6 21. b3 Nxe4 22. fxe4 Bxg5 23. hxg5 Bc6 24. Qf4 Ra8 25. Rf1 Ra7 26. Rd6 Qa5 27. a4 Bxa4 28. Qd2 Qxd2 29. Rxd2 Bc6 30. Rd4 Kf8 31. Rfd1 Ke7 32. e5 Bd5 33. c4 Bf3 0-1


[Site "https://www.chess.com"]

[Event "Titled Tuesday Blitz March 28 Late 2023"]
[White "dDobravcan"]
[Black "Li, Hui"]
[BlackFideId "15400310"]
[WhiteElo "2135"]
[BlackElo "1967"]
[Result "0-1"]
[Round "06"]
[TimeControl "180+2"]
[Date "2023.03.28"]
[WhiteClock "0:00:01"]
[BlackClock "0:00:05"]

1. e4 e5 2. Nf3 Nf6 3. d3 Nc6 4. Be2 d5 5. Nbd2 Bc5 6. O-O O-O 7. c3 a5 8. a4 Re8 9. Qc2 Bg4 10. h3 Bh5 11. Re1 Bb6 12. Nf1 h6 13. g4 Bg6 14. Ng3 d4 15. Bf1 Nd7 16. Qb3 Nc5 17. Qc4 Ne6 18. Nf5 Nf4 19. cxd4 Bxf5 20. dxe5 Be6 21. Qc3 Ng6 22. Be3 Nh4 23. Nxh4 Qxh4 24. d4 Nb4 25. d5 Bd7 26. b3 Bxe3 27. Rxe3 Qg5 28. Qxc7 Qxe5 29. Rc1 Qxc7 30. Rxc7 Bc8 31. Bc4 b6 32. d6 Be6 33. e5 Bxc4 34. Rxc4 Nd5 35. Rd3 Nb4 36. Rd2 Red8 37. Rc7 Rac8 38. f4 Kf8 39. Kf1 Rb8 40. Ke2 Ke8 41. Rd1 Rd7 42. Rdc1 Rbd8 0-1


[Site "https://www.chess.com"]

[Event "Titled Tuesday Blitz March 28 Late 2023"]
[White "Vemparala, Nikash"]
[Black "Stead, Kerry"]
[WhiteFideId "30960967"]
[BlackFideId "3202577"]
[WhiteElo "2023"]
[BlackElo "1997"]
[Result "1-0"]
[Round "06"]
[TimeControl "180+2"]
[Date "2023.03.28"]
[WhiteClock "0:01:02"]
[BlackClock "0:00:02"]

1. e4 d5 2. exd5 Nf6 3. Bb5+ Nbd7 4. Nf3 a6 5. Be2 Nxd5 6. d4 N7f6 7. c4 Nb6 8. Nc3 Bg4 9. b3 e6 10. Bb2 c5 11. dxc5 Bxc5 12. O-O O-O 13. h3 Bf5 14. Qxd8 Rfxd8 15. Rfd1 Nbd7 16. Rac1 Nf8 17. Na4 Be7 18. Nb6 Rab8 19. Be5 Rxd1+ 20. Rxd1 Re8 21. g4 Be4 22. Nd2 Bc6 23. Bf3 Ng6 24. Bxc6 bxc6 25. f4 1-0


[Site "https://www.chess.com"]